 Dungeon Crawl Stone Soup version 0.23-a0-143-g1adec7b (webtiles) character file.

637 Amnesiac the Chiller (level 7, -3/46 HPs)
             Began as a Mummy Ice Elementalist on Sept 3, 2018.
             Hit by a tomahawk thrown by an orc warrior (6 damage)
             ... on level 6 of the Dungeon.
             The game lasted 00:06:24 (4348 turns).

Amnesiac the Chiller (Mummy Ice Elementalist)       Turns: 4348, Time: 00:06:25

Health: -3/46      AC:  3    Str: 12    XL:     7   Next: 25%
Magic:  9/15       EV: 12    Int: 16    God:
Gold:   112        SH:  0    Dex: 12    Spells: 5/17 levels left

rFire    . . .     SeeInvis .   a - +4 whip "Anaxa" {slash, rF+}
rCold    + + .     Gourm    .   (no shield)
rNeg     + + +     Faith    .   c - +1 robe
rPois    ∞         Spirit   .   (no helmet)
rElec    .         Reflect  .   (no cloak)
rCorr    .         Harm     .   (no gloves)
MR       .....                  (no boots)
Stlth    ++........             (no amulet)
HPRegen  0.15/turn              g - ring of protection from cold
MPRegen  0.14/turn              (no ring)

@: no status effects
A: no food or potions, fire vulnerability, cold resistance 1, negative energy
resistance 3, torment resistance, unbreathing
a: no special abilities


You were on level 6 of the Dungeon.
You were not hungry.

You visited 1 branch of the dungeon, and saw 6 of its levels.

You collected 112 gold pieces.

Inventory:

Hand Weapons
 a - the +4 whip "Anaxa" (weapon) {slash, rF+}
   (You found it on level 4 of the Dungeon)

   It inflicts extra damage upon your enemies.
   It protects you from fire.
Armour
 c - a +1 robe (worn)
Magical Staves
 b - an uncursed staff of poison
Jewellery
 g - a ring of protection from cold (left hand)
Scrolls
 d - a scroll of enchant armour {!r}
 e - a scroll of magic mapping {!r, unknown}
 f - a scroll of teleportation {!r}
 h - a scroll of remove curse {!r}


   Skills:
 - Level 1.5 Dodging
 - Level 1.5 Stealth
 + Level 5.9 Spellcasting
 - Level 0.7 Conjurations
 * Level 6.0 Ice Magic


You had 5 spell levels left.
You knew the following spells:

 Your Spells              Type           Power        Failure   Level  Hunger
a - Freeze                Ice            ###.         1%          1    N/A
b - Summon Ice Beast      Ice/Summ       ##......     38%         4    N/A
d - Throw Icicle          Conj/Ice       ###.....     34%         4    N/A
z - Ozocubu's Armour      Chrm/Ice       ##......     12%         3    N/A

Your spell library contained the following spells:

 Spells                   Type           Power        Failure   Level  Hunger
 Throw Frost              Conj/Ice       ###...       5%          2    N/A

Dungeon Overview and Level Annotations

Branches:
Dungeon (6/15)
 Temple: D:4-7

Altars:
Dithmenos
Fedhas
Hepliaklqana
Kikubaaqudgha
Makhleb
Nemelex Xobeh
Xom
Zin


Innate Abilities, Weirdness & Mutations

You do not eat or drink.
Your flesh is vulnerable to fire.
You are immune to poison.
Your flesh is cold resistant. (rC+)
You are immune to negative energy. (rN+++)
You are immune to unholy pain and torment.
You can survive without breathing.


Message History

Key pressed, stopping explore.
Found a dagger.
You found an alarm trap!
You open the door.
There is an open door here.
As you open the door, it creaks loudly!
An orc and an orc warrior come into view.
You hear a shout!
The orc shouts!
An orc comes into view.
The orc warrior moves out of view.
There are monsters nearby!
There are monsters nearby!
There are monsters nearby!
There are monsters nearby!
There are monsters nearby!
There are monsters nearby!
There are monsters nearby!
There are monsters nearby!
There are monsters nearby!
There are monsters nearby!
There are monsters nearby!
There are monsters nearby!
Casting: Freeze (safe; 1% risk of failure)
Confirm with . or Enter, or press ? or * to list all spells.
Aiming: Freeze (safe; 1% risk of failure)
Press: ? - help, Shift-Dir - straight line, f - orc
Aim: an orc You freeze the orc.
You kill the orc!
Casting: Freeze (safe; 1% risk of failure)
Confirm with . or Enter, or press ? or * to list all spells.
Aiming: Freeze (safe; 1% risk of failure)
Press: ? - help, Shift-Dir - straight line, f - orc warrior
Aim: an orc warrior, wielding a battleaxe and wearing a chain mail You freeze the orc warrior.
The orc warrior is moderately wounded.
Unknown command.
Casting: Freeze (safe; 1% risk of failure)
Confirm with . or Enter, or press ? or * to list all spells.
Aiming: Freeze (safe; 1% risk of failure)
Press: ? - help, Shift-Dir - straight line, f/p - orc warrior
Aim: an orc warrior, wielding a battleaxe and wearing a chain mail (moderately You freeze the orc warrior.
The orc warrior is moderately wounded.
The orc warrior closely misses you.
The orc warrior hits you with a battleaxe!!
The orc warrior closely misses you.
There is an open door here.
The orc warrior throws a tomahawk.
The tomahawk hits you.
Found a ration.
You see here a tomahawk.
You hear a blaring wail to the northwest.
You hear a shout! x2; You hear an angry hiss.
You hear a shout! x3
You hear a bark! x3; You hear a croak.
Casting: Freeze (safe; 1% risk of failure)
Confirm with . or Enter, or press ? or * to list all spells.
A chill wind blows around you.
The orc warrior hits you with a battleaxe!!
Ouch! That really hurt!
* * * LOW HITPOINT WARNING * * *
The orc warrior hits your ice beast with a battleaxe.
The orc barely misses your ice beast.
The orc warrior throws a tomahawk.
The tomahawk hits you.
You die...

#.######
........######....#
#.##.#
#####........##....#
.....#
#...#........#..%..#
.....+
#...#.....)..#.....#
.....#
#...'Y.......#.....#
##...#
#...#o.(.....#.....#
...#
###'#........#...<.#
...#
..#........#.....#
...#
...#@.......#.....#
..#
#...#........#.....#
#####........#...).#
.........#.....#
.......%..#.....#
..........#.....#
..#########.....#
...#.............#
#.............#


You could see an orc warrior and a friendly ice beast.

Vanquished Creatures
  An ice beast (D:5)
  A bullfrog (D:6)
  A bullfrog zombie (D:5)
  A crimson imp (D:5)
  A hound (D:5)
  A jelly (D:5)
  3 bullfrog skeletons
  2 worker ants
  A howler monkey zombie (D:5)
  2 worker ant zombies (D:5)
  3 gnolls (D:5)
  6 adders
  A howler monkey skeleton (D:5)
  An ooze (D:4)
  An adder skeleton (D:4)
  A worm (D:4)
  A dart slug (D:2)
  A leopard gecko (D:2)
  2 orcs
  A ball python (D:3)
  A bat (D:3)
  A giant cockroach (D:4)
  A goblin (D:2)
  2 frilled lizards
  A jackal skeleton (D:5)
  A kobold (D:2)
  A leopard gecko skeleton (D:6)
  3 rats
43 creatures vanquished.

Vanquished Creatures (collateral kills)
  Blork the orc (D:6)
1 creature vanquished.

Vanquished Creatures (others)
  An ogre (D:4)
  A centaur (D:4)
  2 orcs (D:4)
4 creatures vanquished.

Grand Total: 48 creatures vanquished

Notes
Turn   | Place    | Note
-------+----------+-------------------------------------------
     0 | D:1      | Amnesiac the Mummy Ice Elementalist began the quest for the
                  | Orb.
     0 | D:1      | Reached XP level 1. HP: 13/13 MP: 4/4
   172 | D:4      | Killed a centaur
   211 | D:4      | Reached XP level 2. HP: 19/19 MP: 2/5
   215 | D:4      | Killed an ogre
   259 | D:4      | Got a fine whip
   260 | D:4      | Identified the +4 whip "Anaxa" {slash, rF+} (You found it
                  | on level 4 of the Dungeon)
   329 | D:4      | Reached skill level 3 in Ice Magic
   401 | D:4      | Found a burning altar of Makhleb.
   644 | D:4      | Noticed a phantom
   941 | D:4      | Noticed a phantom
   981 | D:2      | Reached XP level 3. HP: 21/24 MP: 3/7
  1070 | D:2      | Noticed an ogre
  1110 | D:2      | Reached XP level 4. HP: 17/30 MP: 0/9
  1422 | D:4      | Found an ancient bone altar of Kikubaaqudgha.
  1426 | D:4      | Found a shadowy altar of Dithmenos.
  1477 | D:4      | Found a blossoming altar of Fedhas.
  1477 | D:4      | Found a hazy altar of Hepliaklqana.
  1479 | D:4      | Found a glowing silver altar of Zin.
  1544 | D:4      | Found a shimmering altar of Xom.
  1601 | D:5      | Entered Level 5 of the Dungeon
  1644 | D:5      | Reached skill level 4 in Ice Magic
  1838 | D:5      | Learned a level 4 spell: Throw Icicle
  1842 | D:5      | Noticed an ice beast
  1843 | D:5      | Learned a level 4 spell: Summon Ice Beast
  2181 | D:5      | Reached XP level 5. HP: 28/35 MP: 11/11
  2526 | D:5      | Found a sparkling altar of Nemelex Xobeh.
  2939 | D:5      | Reached XP level 6. HP: 22/41 MP: 0/13
  2951 | D:5      | Learned a level 3 spell: Ozocubu's Armour
  3003 | D:5      | Killed an ice beast
  3003 | D:5      | Reached skill level 5 in Spellcasting
  3003 | D:5      | Reached skill level 5 in Ice Magic
  3695 | D:6      | Reached XP level 7. HP: 40/46 MP: 10/15
  4053 | D:6      | Noticed Blork the orc
  4155 | D:6      | Killed Blork the orc
  4155 | D:6      | Reached skill level 6 in Ice Magic
  4348 | D:6      | Hit by a tomahawk thrown by an orc warrior

Vault maps used:
D:1:      ldierk_walled_garden_2
D:2:      first_ration
D:3:      amethyst_killhole, minmay_quantized
D:4:      nicolae_overflow_hidden_temple, lightli_temple_of_fire, st_stairs_5,
          hangedman_abyss_or_decor_stabs, nrook_loot_triangle,
          kennysheep_another_room, xom_confusion_cloud
D:5:      nemelex_xobeh_ov_fountains_minmay, serial_undead, serial_undead_b,
          serial_undead_b, serial_undead_b, serial_undead_d
D:6:      uniq_blork_the_orc

Skill      XL: |  1  2  3  4  5  6  7 |
---------------+----------------------+-----
Ice Magic      | 3 4 5 6 |  6.0
Spellcasting   | 3 4 5 |  5.9
Dodging        | |  1.5
Stealth        | |  1.5
Conjurations   | |  0.7

Action                   |  1- 3 |  4- 6 |  7- 9 || total
-------------------------+-------+-------+-------++-------
Melee: Whip              |     3 |    84 |    13 ||   100
       Spear             |     1 |       |       ||     1
 Cast: Freeze            |    37 |    37 |    14 ||    88
       Ozocubu's Armour  |       |     3 |     1 ||     4
       Summon Ice Beast  |       |       |     4 ||     4
  Use: Scroll            |     2 |     4 |       ||     6
Armor: Robe              |     3 |    21 |     7 ||    31
Dodge: Dodged            |    24 |    57 |    15 ||    96

Table legend:
 A = Non-vault XP
 B = Vault XP
 C = Vault XP percentage of total XP
 D = Non-vault monster count
 E = Vault monster count
 F = Vault count percentage of total count
                 A         B        C        D         E       F
            +---------+---------+-------+---------+---------+-------
      Total |     698 |     213 |  23.4 |      38 |       6 |  13.6
            +---------+---------+-------+---------+---------+-------
        D:2 |      71 |       0 |   0.0 |       9 |       0 |   0.0
        D:3 |       9 |       0 |   0.0 |       5 |       0 |   0.0
        D:4 |      20 |       0 |   0.0 |       5 |       0 |   0.0
        D:5 |     451 |     140 |  23.7 |      14 |       5 |  26.3
        D:6 |     147 |      73 |  33.2 |       5 |       1 |  16.7
            +---------+---------+-------+---------+---------+-------
